Map: Neon Violet Square LE

Players

Creator - Winner!

  • Race: Protoss Protoss
  • Spawn Location: 11:00

NightEnD

  • Race: Protoss Protoss
  • Spawn Location: 5:00

Event: IEM Season 12 - Katowice

VOD

Have the link to the VOD?

Description

Time

  • Played on: Feb. 26, 2018, 10:12 a.m.
  • Length: 9:39

All games in this series

Show
View Real Time Build Order
Export as new Build Order

Creator Protoss - Winner!

Build Orders: Phoenix Opening 

Get SALT Encoding   

  12  0:00  Probe  
  13  0:12  Probe  
  14  0:17  Pylon  
  14  0:24  Probe (Chrono Boost)  
  15  0:36  Probe (Chrono Boost)  
  15  0:38  Gateway  
  16  0:45  Probe (Chrono Boost)  
  16  0:46  Assimilator  
  17  0:51  Probe  
  17  0:55  Assimilator  
  18  1:03  Probe (Chrono Boost)  
  19  1:10  Gateway  
  19  1:13  Probe (Chrono Boost)  
  19  1:18  Probe (Chrono Boost)  
  20  1:25  Cybernetics Core  
  21  1:29  Probe  
  22  1:36  Pylon  
  22  1:41  Probe  
  23  1:54  Probe  
  23  2:01  Adept x2  
  28  2:07  Stargate  
  28  2:15  Warp Gate  
  28  2:19  Pylon  
  28  2:32  Stalker  
  28  2:36  Stalker  
  32  2:50  Phoenix (Chrono Boost)  
  34  3:12  Phoenix (Chrono Boost)  
  32  3:21  Nexus  
  32  3:33  Phoenix (Chrono Boost)  
  34  3:37  Pylon  
  34  3:40  Probe  
  35  3:52  Probe, Phoenix (Chrono Boost)  
  38  4:05  Probe  
  39  4:14  Phoenix (Chrono Boost)  
  41  4:18  Probe, Pylon  
  42  4:25  Robotics Facility  
  42  4:31  Probe  
  43  4:34  Probe  
  44  4:41  Phoenix  
  44  4:43  Probe  
  47  4:48  Probe  
  48  4:55  Probe  
  49  5:00  Shield Battery  
  49  5:02  Probe  
  50  5:07  Probe  
  50  5:13  Observer (Chrono Boost)  
  52  5:26  Immortal (Chrono Boost)  
  54  5:31  Probe (Chrono Boost)  
  54  5:32  Probe (Chrono Boost)  
  52  5:36  Phoenix  
  52  5:41  Forge  
  55  5:43  Probe (Chrono Boost)  
  55  5:49  Probe (Chrono Boost)  
  56  5:51  Probe (Chrono Boost)  
  56  5:53  Gateway  
  56  5:55  Probe (Chrono Boost)  
  58  6:03  Probe  
  57  6:05  Immortal  
  57  6:07  Probe  
  62  6:14  Assimilator  
  62  6:15  Probe  
  62  6:16  Gateway  
  63  6:18  Assimilator  
  63  6:19  Probe  
  63  6:22  Adept x2  
  68  6:29  Probe (Chrono Boost)  
  68  6:32  Probe (Chrono Boost)  
  67  6:34  Protoss Ground Weapons Level 1 (Chrono Boost)  
  67  6:39  Pylon  
  68  6:41  Pylon  
  68  6:43  Probe (Chrono Boost), Pylon  
  68  6:45  Probe (Chrono Boost)  
  69  6:52  Probe  
  70  6:59  Zealot, Sentry  
  73  7:05  Probe x2  
  73  7:06  Twilight Council  
  75  7:21  Gateway  
  75  7:23  Gateway  
  75  7:24  Gateway  
  75  7:36  Probe x2  
  77  7:38  Sentry, Nexus  
  79  7:44  Charge  
  79  7:55  Probe x2  
  81  8:00  Gateway  
  81  8:01  Templar Archives  
  81  8:03  Pylon  
  81  8:04  Warp Prism  
  83  8:14  Probe x2  
  83  8:16  Photon Cannon  
  83  8:19  Pylon  
  85  8:27  Probe x2  
  87  8:39  Photon Cannon, High Templar x2  
  87  8:40  Zealot x2  
  95  8:44  Archon  
  95  8:47  High Templar x2  
  95  8:48  Zealot  
  101  8:52  Archon  
  101  8:58  Probe  
  101  8:59  Probe x2  
  101  9:01  Assimilator  
  101  9:02  Assimilator  
  104  9:17  Pylon  
  104  9:18  High Templar  
  104  9:19  Zealot x5, High Templar  
  104  9:21  Zealot  
  104  9:23  Archon  
Show
View Real Time Build Order
Export as new Build Order

NightEnD Protoss 

Build Orders: Oracle Opening, Phoenix Opening 

Get SALT Encoding   

  12  0:00  Probe  
  13  0:13  Probe  
  14  0:19  Pylon  
  14  0:26  Probe  
  15  0:38  Probe (Chrono Boost)  
  15  0:40  Gateway  
  16  0:44  Assimilator  
  16  0:48  Probe (Chrono Boost)  
  17  0:54  Probe, Assimilator  
  18  1:06  Probe  
  18  1:10  Gateway  
  19  1:18  Probe  
  20  1:27  Cybernetics Core  
  20  1:30  Probe  
  21  1:40  Pylon  
  21  1:42  Probe  
  22  1:54  Probe  
  23  2:03  Warp Gate (Chrono Boost)  
  23  2:06  Stalker  
  23  2:08  Stalker  
  27  2:17  Stargate  
  27  2:36  Stalker  
  29  2:38  Stalker  
  31  2:45  Pylon  
  31  3:03  Phoenix (Chrono Boost)  
  31  3:16  Probe (Chrono Boost)  
  31  3:21  Pylon  
  35  3:28  Probe (Chrono Boost)  
  36  3:34  Oracle  
  36  3:38  Probe (Chrono Boost)  
  35  3:48  Nexus  
  35  4:01  Adept  
  35  4:02  Adept  
  39  4:09  Pylon  
  39  4:24  Oracle (Chrono Boost)  
  39  4:27  Probe  
  43  4:37  Pylon  
  43  4:39  Probe  
  44  4:49  Twilight Council  
  41  4:57  Stalker  
  43  5:00  Stalker  
  44  5:11  Probe  
  45  5:14  Probe  
  45  5:20  Blink (Chrono Boost)  
  46  5:23  Probe  
  47  5:33  Probe  
  47  5:35  Probe  
  43  5:40  Adept x2  
  47  5:45  Probe  
  47  5:47  Probe  
  49  5:57  Probe  
  49  5:59  Probe  
  44  6:09  Probe (Chrono Boost)  
  44  6:10  Adept x2  
  43  6:13  Probe (Chrono Boost)  
  44  6:20  Probe (Chrono Boost)  
  44  6:23  Probe (Chrono Boost)  
  46  6:27  Probe (Chrono Boost)  
  46  6:28  Probe (Chrono Boost)  
  46  6:35  Probe, Forge  
  46  6:38  Probe  
  46  6:48  Probe  
  46  6:50  Probe  
  47  7:00  Probe (Chrono Boost)  
  48  7:03  Adept  
  48  7:04  Adept, Probe (Chrono Boost)  
  48  7:06  Protoss Ground Weapons Level 1 (Chrono Boost)  
  49  7:12  Probe (Chrono Boost)  
  49  7:15  Assimilator x2  
  51  7:17  Charge  
  51  7:18  Probe (Chrono Boost)  
  51  7:21  Probe (Chrono Boost)  
  52  7:26  Probe (Chrono Boost)  
  50  7:30  Probe (Chrono Boost)  
  50  7:31  Probe (Chrono Boost)  
  50  7:35  Pylon  
  51  7:38  Probe  
  51  7:40  Probe  
  51  7:50  Probe  
  51  7:52  Probe  
  52  8:02  Probe, Gateway  
  52  8:03  Gateway  
  52  8:04  Templar Archives  
  52  8:05  Probe  
  53  8:14  Probe  
  53  8:17  Probe  
  55  8:20  Gateway  
  55  8:22  Sentry, Gateway  
  55  8:23  Sentry  
  58  8:43  Pylon  
  58  8:48  Pylon, Gateway  
  58  8:49  High Templar x2, Gateway  
  62  8:56  Pylon  
  62  9:00  High Templar x2  
  65  9:14  Gateway  
  64  9:18  Archon x2  
  64  9:20  High Templar  
  64  9:21  Zealot x2, High Templar  
  64  9:23  Pylon  
  72  9:32  High Templar x2  
  72  9:37  Archon  

Tags
 
Add a new tag
Caveats
  • Supply blocks, unpowered buildings, or Contaminate may cause inaccurate times.
  • Supply counts are checked every 10 seconds.